 Dungeon Crawl Stone Soup version 0.18-a0-960-g77c8fc5 (webtiles) character file.

37170 JokEr the Warrior (level 13, 0/126 HPs)
             Began as a Minotaur Fighter on Dec 31, 2015.
             Was a High Priest of Okawaru.
             Slain by a manticore (5 damage)
             ... on level 6 of the Lair of Beasts.
             The game lasted 00:41:54 (19667 turns).

JokEr the Warrior (Minotaur Fighter)               Turns: 19667, Time: 00:41:54

Health: 0/126      AC: 13    Str: 28    XL:     13   Next: 57%
Magic:  15/15      EV:  2    Int:  5    God:    Okawaru [*****.]
Gold:   1317       SH:  0    Dex: 14    Spells: 0 memorised, 12 levels left

rFire  + + .     SeeInvis .     w - +5 rapier of Kilicu {speed, *Noise rPois rC+++ Str-2}
rCold  + + .     Gourm    .     z - +1 fire dragon armour
rNeg   + + +     Faith    .     c - +0 shield
rPois  ∞         Spirit   .     (helmet restricted)
rElec  .         Dismiss  .     E - +0 cloak of Nafuc {Str+3 Stlth+}
rCorr  .         Reflect  .     (no gloves)
SustAt .         Harm     .     (no boots)
MR     .....                    K - amulet of rage
Stlth  +.........               G - +4 ring of evasion
                                y - +3 ring of dexterity

@: petrified, not resistant to hostile enchantments, very unstealthy
A: retaliatory headbutt, horns 2, strong 1
a: Heroism, Finesse, Renounce Religion, Evoke Berserk Rage


You were on level 6 of the Lair of Beasts.
You worshipped Okawaru.
Okawaru was extremely pleased with you.
You were not hungry.

You visited 3 branches of the dungeon, and saw 19 of its levels.
You also visited: Labyrinth.

You collected 1317 gold pieces.

Inventory:

Hand Weapons
 w - the +5 rapier of Kilicu (weapon) {speed, *Noise rPois rC+++ Str-2}
   (Okawaru gifted it to you on level 5 of the Lair of Beasts)

   Attacks with this weapon are significantly faster.
   It affects your strength (-2).
   It renders you almost immune to cold.
   It protects you from poison.
   It may make noises in combat.
Armour
 c - a +0 shield (worn)
 z - a +1 fire dragon armour (worn)
 E - the +0 cloak of Nafuc (worn) {Str+3 Stlth+}
   (Okawaru gifted it to you on level 10 of the Dungeon)

   It affects your strength (+3).
   It makes you more stealthy.
Jewellery
 t - a cursed ring of stealth
 y - a +3 ring of dexterity (left hand)
 A - an uncursed ring of ice
 G - a +4 ring of evasion (right hand)
 K - an amulet of rage (around neck)
Wands
 a - a wand of digging (21/24)
Scrolls
 d - 3 scrolls of magic mapping
 l - 10 scrolls of remove curse
 o - 4 scrolls of teleportation
 r - 2 scrolls of identify
 x - a scroll of fog
 B - 3 scrolls of enchant weapon
 F - 2 scrolls of fear
 H - a scroll of recharging
 I - 2 scrolls of amnesia
Potions
 b - a potion of haste
 e - 2 potions of ambrosia
 g - a potion of berserk rage
 j - 2 potions of flight
 m - 2 potions of heal wounds
 p - 3 potions of brilliance
 u - 2 potions of curing
 v - a potion of cure mutation
 D - a potion of cancellation
Books
 C - a book of Necromancy

   Spells                             Type                      Level
   a - Pain                           Necromancy                   1
   b - Animate Skeleton               Necromancy                   1
   c - Vampiric Draining              Necromancy                   3
   d - Regeneration                   Charms/Necromancy            3
   e - Animate Dead                   Necromancy                   4
   f - Control Undead                 Necromancy                   4
 J - the Tome of Venom and the Traveller
   (You found it in a labyrinth)

   Spells                             Type                      Level
   a - Mephitic Cloud                 Conjuration/Poison/Air       3
   b - Ignite Poison                  Fire/Transmutation/Poison    3
   c - Portal Projectile              Translocation                3
   d - Olgreb's Toxic Radiance        Poison                       4
   e - Passage of Golubria            Translocation                4
   f - Alistair's Intoxication        Transmutation/Poison         4
   g - Warp Weapon                    Charms/Translocation         5
   h - Venom Bolt                     Conjuration/Poison           5
 L - Diroits's Primer on Sorcery
   (You found it in a labyrinth)

   Spells                             Type                      Level
   a - Conjure Flame                  Conjuration/Fire             3
   b - Static Discharge               Conjuration/Air              3
   c - Gell's Gravitas                Hexes/Translocation          3
   d - Call Canine Familiar           Summoning                    3
   e - Teleport Other                 Translocation                3
 M - a book of Geomancy

   Spells                             Type                      Level
   a - Sandblast                      Earth                        1
   b - Stoneskin                      Transmutation/Earth          2
   c - Passwall                       Transmutation/Earth          3
   d - Stone Arrow                    Conjuration/Earth            3
   e - Petrify                        Transmutation/Earth          4
   f - Lee's Rapid Deconstruction     Earth                        5
Comestibles
 f - 7 bread rations
 h - 4 beef jerkies
 i - 3 fruits
 k - 7 meat rations
 q - a slice of pizza
 s - 12 royal jellies


   Skills:
 - Level 15.1 Fighting
   Level 14.7 Long Blades
 - Level 9.4 Armour
 - Level 10.7 Dodging
 - Level 10.2 Shields
 + Level 4.8 Invocations


You had 12 spell levels left.
You didn't know any spells.

Dungeon Overview and Level Annotations

Branches:
Dungeon (10/15)            Temple (1/1) D:5            Lair (8/8) D:9
  Snake (0/4) Lair:4        Slime (0/6) Lair:8
  Swamp: Lair:3-6    Shoals: Lair:3-6       Orc: D:9-12

Altars:
Ashenzari
Cheibriados
Dithmenos
Elyvilon
Fedhas
Gozag
Kikubaaqudgha
Makhleb
Nemelex Xobeh
Okawaru
Pakellas
Qazlal
Ru
Sif Muna
Trog
Vehumet
Xom
Yredelemnul
Zin
The Shining One
Jiyva

Shops:
D:7 :


Innate Abilities, Weirdness & Mutations

You reflexively headbutt those who attack you in melee.
You have a pair of horns on your head.
Your muscles are strong. (Str +2)


Message History

* * * LOW HITPOINT WARNING * * *
The manticore claws you but does no damage.
The manticore barely misses you. The basilisk gazes at you.
You easily resist.
The manticore bites you!
* * * LOW HITPOINT WARNING * * *
The manticore claws you!
* * * LOW HITPOINT WARNING * * *
The manticore claws you.
* * * LOW HITPOINT WARNING * * *
The basilisk gazes at you.
You easily resist.
The manticore bites you but does no damage.
The manticore claws you but does no damage.
The manticore claws you.
* * * LOW HITPOINT WARNING * * *
The basilisk bites you!
* * * LOW HITPOINT WARNING * * *
The manticore bites you!
You die...

#.............
##............
#............
#######............
#..#.#.P...........
#P.................
##..P..............
##.$########........
#..@#†$....##P.##P#
#..lHl.....# #####
##P##†.....# ##
#......# #......#
########


You could see a manticore and 2 basilisks.

Vanquished Creatures
  A minotaur (Lab)
  Fannar (Lair:3)
  3 hydras
  A death yak (Lair:8)
  The ghost of terkiey the Blocker, a novice HaFi (D:9)
  The ghost of 1kk the Shield-Bearer, a novice GrFi (D:6)
  A hill giant (D:10)
  A lindwurm (Lair:4)
  A manticore (Lair:6)
  A griffon (Lair:6)
  3 elephants
  2 black mambas
  9 spiny frogs
  4 komodo dragons
  4 fire drakes (Lair:6)
  2 trolls
  A polar bear (Lair:4)
  A queen bee (Lair:6)
  9 blink frogs
  3 spriggans (Lair:7)
  8 basilisks
  36 yaks
  7 wyverns
  13 hippogriffs
  2 steam dragons (D:6)
  Grum (D:8)
  18 wolves
  2 hungry ghosts
  6 porcupines
  15 water moccasins
  2 orc warriors
  2 black bears
  5 ice beasts
  A sky beast (D:6)
  A phantom (D:5)
  2 ogres
  5 necrophages (Lair:2)
  5 centaurs
  7 crocodiles
  Blork the orc (D:5)
  A big kobold (D:8)
  17 giant frogs
  A gnoll sergeant (D:6)
  4 scorpions
  29 killer bees
  5 electric eels
  4 crimson imps
  2 jellies
  2 centaur zombies
  A quasit (D:10)
  A centaur skeleton (D:9)
  11 hounds
  6 orc priests
  12 orc wizards
  3 iguanas
  Terence (D:2)
  2 worker ants
  Natasha (thrice) (D:2)
  12 sheep
  A hound zombie (D:8)
  A hound skeleton (D:5)
  A worker ant zombie (D:10)
  13 adders
  6 gnolls
  15 river rats (Lair:2)
  2 shadow imps
  An ooze (D:3)
  2 adder skeletons (D:5)
  3 adder zombies
  2 worms
  3 giant geckos
  43 orcs
  7 bats
  3 giant cockroaches
  8 goblins
  6 hobgoblins
  6 jackals (D:9)
  4 quokkas
  A giant gecko skeleton (D:4)
  8 giant newts
  14 kobolds
  5 rats
  A plant (Lair:6)
462 creatures vanquished.

Vanquished Creatures (others)
  20 fungi
  30 plants
50 creatures vanquished.

Grand Total: 512 creatures vanquished

Notes
Turn   | Place    | Note
--------------------------------------------------------------
     0 | D:1      | JokEr the Minotaur Fighter began the quest for the Orb.
     0 | D:1      | Reached XP level 1. HP: 19/19 MP: 0/0
   116 | D:1      | Reached XP level 2. HP: 25/27 MP: 1/1
   315 | D:1      | Reached skill level 4 in Fighting
   448 | D:2      | Noticed Natasha
   457 | D:2      | Killed Natasha
   457 | D:2      | Reached XP level 3. HP: 4/34 MP: 2/2
   530 | D:2      | Noticed Natasha
   555 | D:2      | Killed Natasha
   555 | D:2      | Reached skill level 5 in Fighting
   555 | D:2      | Reached XP level 4. HP: 5/42 MP: 3/3
   743 | D:2      | Noticed Natasha
   766 | D:2      | Killed Natasha
  1233 | D:2      | Noticed Terence
  1240 | D:2      | Killed Terence
  1240 | D:2      | Reached XP level 5. HP: 49/49 MP: 4/4
  1792 | D:3      | Found a faded altar to an unknown god.
  1866 | D:3      | Reached skill level 5 in Long Blades
  2254 | D:3      | Reached skill level 6 in Fighting
  2346 | D:4      | Reached XP level 6. HP: 53/58 MP: 5/5
  2961 | D:4      | Reached skill level 7 in Fighting
  3770 | D:5      | Entered Level 5 of the Dungeon
  3906 | D:5      | Found a staircase to the Ecumenical Temple.
  3925 | Temple   | Entered the Ecumenical Temple
  3988 | Temple   | Became a worshipper of Warmaster Okawaru
  4014 | D:5      | Noticed an ice beast
  4025 | D:5      | Killed an ice beast
  4025 | D:5      | Reached XP level 7. HP: 56/66 MP: 6/6
  4146 | D:5      | Reached skill level 8 in Fighting
  4243 | D:5      | Noticed Blork the orc
  4253 | D:5      | Killed Blork the orc
  4253 | D:5      | Reached * piety under Okawaru
  4784 | D:6      | Reached XP level 8. HP: 61/77 MP: 7/7
  4854 | D:6      | Reached skill level 9 in Fighting
  5212 | D:6      | Reached skill level 10 in Fighting
  5215 | D:6      | Reached ** piety under Okawaru
  5440 | D:6      | Noticed 1kk's ghost (novice GrFi)
  5490 | D:6      | Killed 1kk's ghost
  5490 | D:6      | Reached skill level 10 in Long Blades
  5490 | D:6      | Reached XP level 9. HP: 60/86 MP: 8/8
  5892 | D:7      | Reached skill level 11 in Fighting
  6085 | D:7      | Found Neiniozi's Book Shop.
  6088 | D:7      | Found a shimmering altar of Xom.
  6342 | D:7      | Reached *** piety under Okawaru
  6878 | D:8      | Reached skill level 12 in Fighting
  7211 | D:8      | Found a blossoming altar of Fedhas.
  7215 | D:8      | Noticed Grum
  7228 | D:8      | Killed Grum
  7228 | D:8      | Reached **** piety under Okawaru
  7228 | D:8      | Reached XP level 10. HP: 43/99 MP: 9/9
  7445 | D:8      | Found a burning altar of Makhleb.
  7949 | D:9      | Got a faintly humming cloak
  7960 | D:9      | Identified the +2 cloak of Lies {rF+ Int+7} (You found it on level 9 of the Dungeon)
  8113 | D:9      | Reached skill level 13 in Fighting
  8312 | D:9      | Found a staircase to the Lair.
  8935 | D:9      | Noticed terkiey's ghost (novice HaFi)
  8958 | D:9      | Killed terkiey's ghost
  9444 | D:10     | Entered Level 10 of the Dungeon
  9771 | D:10     | Reached ***** piety under Okawaru
  9771 | D:10     | Reached skill level 14 in Fighting
  9805 | D:10     | Noticed a hill giant
  9817 | D:10     | Killed a hill giant
  9817 | D:10     | Received a gift from Okawaru
  9830 | D:10     | Got a faintly glowing cloak {god gift}
 10060 | D:10     | Identified the +0 cloak of Nafuc {Str+3 Stlth+} (Okawaru gifted it to you on level 10 of the Dungeon)
 10090 | D:10     | Reached XP level 11. HP: 72/110 MP: 7/10
 11234 | Lair:1   | Entered Level 1 of the Lair of Beasts
 11238 | Lair:1   | Gained mutation: Your muscles are strong. (Str +2) [potion of beneficial mutation]
 12092 | Lair:1   | Noticed an eight-headed hydra
 12242 | Lair:2   | Reached skill level 15 in Fighting
 12818 | Lair:2   | Reached skill level 5 in Armour
 13982 | Lair:3   | Noticed a six-headed hydra
 13989 | Lair:3   | Killed a nine-headed hydra
 14147 | Lair:3   | Received a gift from Okawaru
 14537 | Lair:3   | Noticed Fannar
 14580 | Lair:3   | Killed Fannar
 14889 | Lair:4   | Reached XP level 12. HP: 115/119 MP: 11/11
 14902 | Lair:4   | Reached skill level 5 in Shields
 15147 | Lair:4   | Found a staircase to the Snake Pit.
 15655 | Lair:4   | Found a deep blue altar of Sif Muna.
 17051 | Lair:5   | Received a gift from Okawaru
 17051 | Lair:5   | Reached skill level 10 in Shields
 17089 | Lair:5   | Reached skill level 1 in Dodging
 17270 | Lair:5   | Noticed a four-headed hydra
 17440 | Lair:5   | Received a gift from Okawaru
 17445 | Lair:5   | Got an iridescent rapier {god gift}
 17446 | Lair:5   | Identified the +5 rapier of Kilicu {speed, *Noise rPois rC+++ Str-2} (Okawaru gifted it to you on level 5 of the Lair of Beasts)
 17530 | Lair:5   | Killed a four-headed hydra
 17530 | Lair:5   | Reached skill level 5 in Dodging
 18084 | Lair:6   | Found a labyrinth entrance.
 18106 | Lab      | Entered a labyrinth
 18339 | Lab      | Noticed a minotaur
 18361 | Lab      | Killed a minotaur
 18373 | Lab      | Identified the Tome of Venom and the Traveller
 18431 | Lab      | Identified Diroits's Primer on Sorcery
 18558 | Lair:6   | Reached XP level 13. HP: 121/126 MP: 12/12
 18759 | Lair:6   | You fall through a shaft for 2 floors!
 18759 | Lair:8   | Entered Level 8 of the Lair of Beasts
 18760 | Lair:8   | Found a viscous altar of Jiyva.
 18760 | Lair:8   | Found a staircase to the Slime Pits.
 18799 | Lair:8   | Received a gift from Okawaru
 19106 | Lair:7   | Reached skill level 10 in Dodging
 19667 | Lair:6   | HP: 5/126 [basilisk (4)]
 19667 | Lair:6   | Slain by a manticore

Vault maps used:
D:1:      ncdulo_lavacross, minivault_14
D:2:      uniq_terence, uniq_natasha
D:3:      ecumenical_altar_2
D:4:      first_bread
D:5:      temple_fountains, kennysheep_generic_room_6, uniq_blork_the_orc
D:6:      kennysheep_steamy, patterned_corridor
D:7:      basic_altar, serial_shops, shop
D:8:      minitemple, uniq_grum
D:9:      erik_lair_island
Temple:   grunt_circular_temple_18
Lair:1:   nicolae_quartered_pool_medium
Lair:2:   roderic_carrion_pond, lemuel_fruit_fields, infiniplex_staircase_pool
Lair:3:   kennysheep_rathole, uniq_fannar
Lair:4:   dummy_snake_entry, basic_altar
Lair:5:   grunt_forest_small_clearing_treed, grunt_megastairs_3,
          infiniplex_staircase_pool_2, serial_bayou_shore_a
Lair:6:   minmay_shoals_entry_beasts, special_room, lab_entry_generic
Lair:7:   nicolae_quartered_pool_little, serial_bayou_pond_d, wad_woods_01
Lair:8:   minmay_lair_end_frog_pond, slime_altar_1
Lab:      nicolae_lab_dead_adventurers, labyrinth_skeletal_remains

Action                   |  1- 3 |  4- 6 |  7- 9 | 10-12 | 13-15 || total
-------------------------+-------+-------+-------+-------+-------++-------
Melee: Long sword        |    59 |   211 |   318 |   792 |       ||  1380
       Rapier            |       |       |       |   149 |   267 ||   416
Invok: Heroism           |       |       |     2 |     7 |     3 ||    12
       Finesse           |       |       |       |     1 |     1 ||     2
  Use: Scroll            |     1 |     7 |     8 |    14 |     1 ||    31
       Potion            |       |     1 |       |     6 |     7 ||    14
  Eat: Chunk             |       |    10 |     9 |    17 |     3 ||    39
       Beef jerky        |       |       |     1 |       |       ||     1
       Fruit             |       |       |     3 |    13 |     3 ||    19
       Bread ration      |       |       |       |     3 |       ||     3
